 Dungeon Crawl Stone Soup version 0.28.0-53-g5a82cb258f (webtiles) character file.

Game seed: 17548661219823958673

51 cbfl8 the Chopper (level 3, 0/25 (28) HPs)
             Began as a Demonspawn Gladiator on July 21, 2022.
             Slain by a gnoll
             ... wielding a +0 flail
              (8 damage)
             ... on level 2 of the Dungeon.
             The game lasted 00:02:16 (1886 turns).

cbfl8 the Chopper (Demonspawn Gladiator)            Turns: 1886, Time: 00:02:17

HP:   0/25 (28)     AC:  3    Str: 16    XL:     3   Next: 58%
MP:   3/3           EV: 12    Int:  9    God:
Gold: 61            SH:  0    Dex: 14    Spells: 2/2 levels left

rFire   . . .      SeeInvis .   a - +0 war axe
rCold   . . .      Faith    .   (no shield)
rNeg    . . .      Spirit   .   b - +0 leather armour
rPois   .          Reflect  .   (helmet restricted)
rElec   .          Harm     .   (no cloak)
rCorr   .          Rampage  .   (no gloves)
Will    .....                   (no boots)
Stlth   +.........              (no amulet)
HPRegen 0.08/turn               (no ring)
MPRegen 0.08/turn               (no ring)

@: heavily drained
A: horns 1, foul stench 1
a: no special abilities


You were on level 2 of the Dungeon.
You visited 1 branch of the dungeon, and saw 2 of its levels.

You collected 61 gold pieces.

Inventory:

Hand Weapons
 a - a +0 war axe (weapon)
 g - a +1 hand axe of draining
Missiles
 d - 3 throwing nets (quivered)
Armour
 b - a +0 leather armour (worn)
 c - a +0 helmet
Scrolls
 e - 2 scrolls of blinking {unknown}
 f - a scroll of teleportation {unknown}
Potions
 h - a potion of heal wounds
 i - a potion of resistance {unknown}


   Skills:
 + Level 2.6 Fighting
 + Level 3.2 Axes
 + Level 1.8 Throwing
 + Level 1.0 Armour
 + Level 3.1 Dodging


You had 2 spell levels left.
You didn't know any spells.
Your spell library was empty.

Dungeon Overview and Level Annotations

Branches:
Dungeon (2/15)

Altars:

Shops:
D:2 (


Innate Abilities, Weirdness & Mutations

You have a pair of small horns on your head.
You may rarely emit foul miasma when damaged in melee.


Message History

The kobold throws a stone.
The stone closely misses you.
The kobold throws a stone.
The stone hits you but does no damage.
The kobold throws a stone.
The stone misses you.
You start resting.
A kobold is nearby!
The kobold misses you. The kobold hits you but does no damage.
You feel drained.
You closely miss the kobold. Your headbutt misses the kobold.
The kobold misses you.
You closely miss the kobold.
The kobold hits you with a +0 whip of draining.
You feel drained.
The kobold hits you with a +0 whip of draining.
You feel drained.
You emit a cloud of foul miasma!
You closely miss the kobold.
The kobold is engulfed in dark miasma.
The kobold is poisoned.
The kobold seems to slow down.
You kill the kobold!
Things that are here:
a +0 whip of draining; 7 stones; a kobold corpse You start resting.
You start resting.
A gnoll comes into view. It is wielding a +0 flail.
You start resting.
A gnoll is nearby!
The gnoll shouts!
You hear a bark! x2; You hear a shout!
You barely miss the gnoll. You headbutt the gnoll.
The gnoll is heavily wounded.
The gnoll hits you with a +0 flail.
The gnoll shouts!
You hit the gnoll.
The gnoll is almost dead.
The gnoll hits you with a +0 flail!
A kobold comes into view. It is wielding a +0 dagger.
The gnoll hits you but does no damage.
You hit the gnoll but do no damage.
The gnoll is almost dead.
You hit the gnoll but do no damage.
The gnoll is almost dead.
The gnoll hits you with a +0 flail!
You die...

#............##
##.......).....##
................#
................#
................#
................#
................#
#
..#...)......g.##
.#.......K.g..@##
....###..######
##.. #.##
#..###)## .
#g......#
..##.#....#
.....#...#
##.......####
##.........#


You could see 2 gnolls and a kobold.

Vanquished Creatures
  A gnoll (D:1)
  A dart slug (D:1)
  2 bats (D:2)
  2 endoplasms (D:1)
  A giant cockroach (D:2)
  4 goblins
  5 hobgoblins
  6 kobolds
  8 ball pythons
  2 frilled lizards
  7 rats
39 creatures vanquished.

Notes
Turn   | Place    | Note
-------+----------+-------------------------------------------
     0 | D:1      | cbfl8 the Demonspawn Gladiator began the quest for the Orb.
     0 | D:1      | Reached XP level 1. HP: 16/16 MP: 1/1
   399 | D:1      | Gained mutation: You may rarely emit foul miasma when
                  | damaged in melee. [demonic ancestry]
   399 | D:1      | Reached XP level 2. HP: 19/22 MP: 2/2
   815 | D:1      | Found a faded altar of an unknown god.
  1290 | D:1      | Gained mutation: You have a pair of small horns on your
                  | head. [demonic ancestry]
  1290 | D:1      | Reached XP level 3. HP: 27/28 MP: 3/3
  1518 | D:2      | Found Liel's Antique Weapon Boutique.
  1694 | D:2      | Reached skill level 1 in Armour
  1886 | D:2      | Slain by a gnoll

Illustrated notes

Levels and vault maps discovered:
D:1:      mrwooster_arrival_statue_2, layout_loops_ring,
          dilly_ecumenical_altar_fadedgnrine, minmay_shallow_snake_nest
D:2:      layout_rooms, serial_shops, shop, supply_closet_lemuel,
          grunt_ministairs_5

Skill      XL: |  1  2  3 |
---------------+----------+-----
Dodging        | 3 |  3.1
Axes           | 3 |  3.2
Armour         | 1 |  1.0
Fighting       | |  2.6
Throwing       | |  1.8

Action                   || total
-------------------------++-------
Melee: War axe           ||    99
       Headbutt          ||     3
  Use: Potion            ||     1
Armor: Leather armour    ||    33
Dodge: Dodged            ||    81
